 Dungeon Crawl Stone Soup version 0.26-a0-639-g72c4674329 (webtiles) character file.

Game seed: 14181663629395706708

87 Apogee the Magician (level 4, -7/24 HPs)
             Began as a Deep Elf Fire Elementalist on Sept 18, 2020.
             Killed from afar by Natasha (9 damage)
             ... with a magic dart
             ... on level 2 of the Dungeon.
             The game lasted 00:01:28 (859 turns).

Apogee the Magician (Deep Elf Fire Elementalist)     Turns: 859, Time: 00:01:29

Health: -7/24      AC:  3    Str:  5    XL:     4   Next: 28%
Magic:  1/12       EV: 13    Int: 21    God:
Gold:   39         SH:  0    Dex: 15    Spells: 11/12 levels left

rFire    . . .     SeeInvis .   d - -2 mace (curse)
rCold    . . .     Faith    .   (no shield)
rNeg     . . .     Spirit   .   a - +0 robe
rPois    .         Reflect  .   (no helmet)
rElec    .         Harm     .   (no cloak)
rCorr    .         Rampage  .   c - +0 pair of gloves
MR       .....                  (no boots)
Stlth    ++........             (no amulet)
HPRegen  0.08/turn              (no ring)
MPRegen  0.13/turn              (no ring)

@: no status effects
A: no striking features
a: no special abilities


You were on level 2 of the Dungeon.
You visited 1 branch of the dungeon, and saw 2 of its levels.

You collected 39 gold pieces.

Inventory:

Hand Weapons
 d - a cursed -2 mace (weapon)
   (You found it on level 1 of the Dungeon)
Armour
 a - a +0 robe (worn)
 c - a +0 pair of gloves (worn)
   (You found it on level 1 of the Dungeon)
Jewellery
 h - an uncursed ring of stealth {unknown}
   (You found it on level 2 of the Dungeon)
 i - a cursed +6 ring of strength {unknown}
   (You found it on level 2 of the Dungeon)
Scrolls
 g - a scroll of remove curse {unknown}
Potions
 b - a potion of haste {unknown}
 e - 2 potions of heal wounds {unknown}
 f - a potion of flight {unknown}
 j - a potion of curing {unknown}


   Skills:
 - Level 2.4 Dodging
 - Level 2.4 Stealth
 * Level 4.9 Spellcasting
 + Level 2.3 Conjurations
 + Level 4.0 Fire Magic


You had 11 spell levels left.
You knew the following spells:

 Your Spells              Type           Power        Failure   Level
a - Foxfire               Conj/Fire      ###.         3%          1

Your spell library contained the following spells:

 Spells                   Type           Power        Failure   Level
 Conjure Flame            Conj/Fire      ###.....     9%          3
 Inner Flame              Hex/Fire       ##......     14%         3
 Sticky Flame             Conj/Fire      ###.....     28%         4
 Fireball                 Conj/Fire      ###.......   63%         5


Dungeon Overview and Level Annotations

Branches:
Dungeon (2/15)

Altars:
The Shining One

Annotations:
D:2 Natasha


Message History

The foxfire hits Terence.
Terence hits you from afar with a +0 trident!
* * * LOW HITPOINT WARNING * * *
You conjure some foxfire!
The foxfire hits Terence but does no damage.
The foxfire hits Terence.
Terence barely misses you.
You conjure some foxfire!
The foxfire hits Terence but does no damage.
Natasha, Servant of Life and Death comes into view.
The foxfire hits Terence but does no damage.
You conjure some foxfire!
Natasha hisses angrily.
The foxfire hits Terence but does no damage. x2
Terence closely misses you.
Natasha mumbles some strange words.
Natasha shimmers violently.
You conjure some foxfire!
The foxfire hits Terence.
You kill Terence!
Your Fire Magic skill increases to level 4!
You have reached level 4!
You feel clever.
Natasha casts a spell.
The foxfire hits the hobgoblin.
You conjure some foxfire!
The foxfire hits the hobgoblin.
You kill the hobgoblin!
Natasha mumbles some strange words.
The foxfire hits Natasha.
Unknown command.
You conjure some foxfire!
Natasha casts a spell.
You conjure some foxfire!
The foxfire hits the iron imp but does no damage.
The foxfire hits the crimson imp.
The crimson imp completely resists.
The foxfire hits the crimson imp.
The crimson imp completely resists.
The foxfire hits the crimson imp.
The crimson imp completely resists.
The crimson imp puffs mist at you.
You conjure some foxfire!
The foxfire hits the crimson imp.
The crimson imp completely resists.
The foxfire hits the white imp but does no damage.
The crimson imp blinks!
The foxfire hits the white imp.
The white imp is burned terribly!
The foxfire hits the white imp.
The white imp is burned terribly!
The white imp gestures at you. The puff of frost hits you!
* * * LOW HITPOINT WARNING * * *
You aren't carrying any items that you can evoke.
The crimson imp blinks!
Natasha stares at you and mumbles some strange words.
The magic dart hits you!
You die...

................ .
.......#.#############....
.....<.............5))....
...#####.#######.#.§......
...# #.# #.#........
...... #.# #h#..5.....
####.###.#..# #.#........
#.#.....<# #.#........
#.#......# #@#....##..
####.#......# #.#....# ##
.....#......# #.#
.....†......# #.#
.....##.....# #.#
............# #.#
....(######.##.#.# .....#
#.##.#^# .....# #.##.#.#


You could see Natasha.

Vanquished Creatures
  Natasha (twice) (D:2)
  Terence (D:2)
  A worm (D:2)
  A leopard gecko (D:2)
  2 bats (D:2)
  A goblin (D:2)
  2 hobgoblins (D:2)
  A ball python (D:2)
  4 frilled lizards
  A kobold (D:2)
16 creatures vanquished.

Vanquished Creatures (others)
  105 foxfires
105 creatures vanquished.

Grand Total: 121 creatures vanquished

Notes
Turn   | Place    | Note
-------+----------+-------------------------------------------
     0 | D:1      | Apogee the Deep Elf Fire Elementalist began the quest for
                  | the Orb.
     0 | D:1      | Reached XP level 1. HP: 10/10 MP: 6/6
   112 | D:1      | You fall into a shaft and drop 1 floor!
   206 | D:2      | Found a glowing golden altar of the Shining One.
   403 | D:2      | Noticed Natasha
   406 | D:2      | Noticed a crimson imp
   418 | D:2      | Killed Natasha
   418 | D:2      | Reached XP level 2. HP: 10/15 MP: 0/9
   418 | D:2      | Reached XP level 3. HP: 12/19 MP: 0/10
   528 | D:2      | Noticed Natasha
   532 | D:2      | Killed Natasha
   839 | D:2      | Noticed Terence
   846 | D:2      | Noticed Natasha
   848 | D:2      | Killed Terence
   848 | D:2      | Reached XP level 4. HP: 12/24 MP: 4/12
   853 | D:2      | HP: 1/24 [white imp/puff of frost[Natasha] (11)]
   859 | D:2      | Killed from afar by Natasha

Illustrated notes

Levels and vault maps discovered:
D:1:      psy_arrival_spokes, layout_loops_ring
D:2:      layout_basic, tso_altar, uniq_terence, uniq_jessica, uniq_natasha

Skill      XL: |  1  2  3 |
---------------+----------+-----
Spellcasting   | 4 |  4.9
Conjurations   | 2 |  2.3
Fire Magic     | 4 |  4.0
Dodging        | |  2.4
Stealth        | |  2.4

Action                   |  1- 3 |  4- 6 || total
-------------------------+-------+-------++-------
 Cast: Foxfire           |    54 |     4 ||    58
  Use: Scroll            |     1 |       ||     1
Dodge: Dodged            |     6 |       ||     6

Table legend: (Time is in decaauts)
 A = Elapsed time spent in this place.
 B = Non-inter-level travel time spent in this place.
 C = Inter-level travel time spent in this place.
 D = Time resting spent in this place.
 E = Time spent auto-exploring this place.
 F = Levels seen in this place.
 G = Mean time per level.
                   A        B        C        D        E       F      G
               +--------+--------+--------+--------+--------+-----+--------+
         Total |    865 |    845 |     20 |     81 |    639 |   2 |  432.5 |
       Dungeon |    865 |    845 |     20 |     81 |    639 |   2 |  432.5 |
               +--------+--------+--------+--------+--------+-----+--------+

Top non-repeatable levels by time:
     D:2: 753 daAuts
     D:1: 111 daAuts
